Penguins vs Sharks
Created - January 13, 2020 at 19:52
Goals
|
| Penguins |
1 |
3 |
1 |
5 |
| Sharks |
0 |
0 |
2 |
2 |
|
Shots
|
| Penguins |
13 |
10 |
9 |
32 |
| Sharks |
8 |
7 |
11 |
26 |
|
1st period
1. Penguins , Danny DeKeiser 2 (Ales Hemsky 4, Marcus Foligno 6) at 19:42
Penalties :
Martins Karsums (SJS) for Boarding (Minor) at 0:28, Martins Karsums (SJS) for Goalie Interference (Minor) at 15:11
2nd period
2. Penguins , Steven Stamkos 18 (Andrew Cogliano 13, Claude Giroux 25) at 0:16
3. Penguins , Keith Aulie 3 (Claude Giroux 26) at 6:52 (PP)
4. Penguins , Dustin Brown 10 (Sean Zimmerman 16) at 18:26
Penalties :
Bobby Butler (SJS) for Hooking (Minor) at 1:12, Martins Karsums (SJS) for Roughing (Minor) at 6:37, Steven Stamkos (Pit) for Hooking (Minor) at 10:14, Ales Hemsky (Pit) for Roughing (Minor) at 15:39, Milan Michalek (SJS) for Fighting (Major) at 19:05, Cal Clutterbuck (Pit) for Fighting (Major) at 19:05
3rd period
5. Sharks , Drew Doughty 15 (Mike Cammalleri 7, Ryan Miller) at 3:36 (PP)
6. Sharks , Martins Karsums 6 (Brandon Dubinsky 17, Drew Doughty 34) at 8:41
7. Penguins , Claude Giroux 23 (Steven Stamkos 23) at 18:28
Penalties :
Joe Colborne (Pit) for Delaying the game (Minor) at 3:24, Cal Clutterbuck (Pit) for Holding (Minor) at 4:47, Stefan Ruzicka (SJS) for Tripping (Minor) at 9:21, Jason Spezza (SJS) for Roughing (Minor) at 15:36
Goalie Stats
Michal Neuvirth (Pit), 24 saves from 26 shots - (0.923), W, 16-8-3, 60:00 minutes
Ryan Miller (SJS), 27 saves from 32 shots - (0.844), L, 12-11-3, 60:00 minutes
Players Stats for Penguins
Player Name G A P +/- PIM S H SB GA TA FO MP PP MP PK MP
------------------------------------------------------------------------------------
Ales Hemsky 0 1 1 1 2 3 0 0 0 0 0/0 7:26 0:00 0:00
Andrew Cogliano 0 1 1 2 0 2 1 0 0 0 0/1 22:01 5:40 2:22
Cal Clutterbuck 0 0 0 -1 7 2 2 0 0 0 0/0 10:57 0:00 1:13
Clarke MacArthur 0 0 0 1 0 2 2 0 1 0 0/0 16:50 4:27 0:37
Claude Giroux 1 2 3 2 0 2 2 2 1 0 2/6 23:57 5:43 3:35
Danny DeKeiser 1 0 1 1 0 1 1 0 0 0 0/0 9:39 0:00 0:00
Dennis Wideman 0 0 0 0 0 1 0 2 1 0 0/0 21:59 3:35 2:36
Dustin Brown 1 0 1 1 0 2 3 0 0 0 0/0 16:13 4:27 0:00
Eric Gryba 0 0 0 0 0 1 0 1 0 0 0/0 21:52 3:35 2:29
Joe Colborne 0 0 0 1 2 2 1 0 1 0 2/4 7:20 0:00 0:00
Keith Aulie 1 0 1 2 0 7 1 2 1 1 0/0 28:22 6:35 3:33
Logan Couture 0 0 0 -1 0 0 0 0 0 0 6/7 10:41 0:03 0:00
Marcus Foligno 0 1 1 -1 0 1 0 0 0 0 0/0 10:38 0:00 0:00
Michael Raffl 0 0 0 1 0 0 0 0 0 0 0/0 6:38 0:00 0:00
Roman Josi 0 0 0 1 0 0 0 0 0 0 0/0 9:46 0:00 0:07
Ryan O'Reilly 0 0 0 1 0 1 4 1 3 0 4/8 18:11 4:27 1:58
Sean Zimmerman 0 1 1 2 0 1 1 0 0 2 0/0 28:22 6:35 3:33
Steven Stamkos 1 1 2 2 2 4 1 0 1 0 13/35 22:54 5:43 2:33
Players Stats for Sharks
Player Name G A P +/- PIM S H SB GA TA FO MP PP MP PK MP
------------------------------------------------------------------------------------
Adam Larsson 0 0 0 -1 0 2 0 1 0 0 0/0 20:00 3:08 3:22
Alec Martinez 0 0 0 -1 0 0 0 0 0 0 0/0 2:58 0:00 0:00
Andrej Sekera 0 0 0 -2 0 2 2 1 0 0 0/0 21:09 3:08 3:22
Ben Lovejoy 0 0 0 0 0 2 1 4 0 1 0/0 26:56 3:01 6:48
Bobby Butler 0 0 0 -1 2 1 3 0 1 0 1/2 15:56 3:24 0:00
Brandon Dubinsky 0 1 1 0 0 1 1 1 0 3 4/11 20:41 2:45 3:27
David Rundblad 0 0 0 -1 0 1 0 0 0 1 0/0 10:06 0:00 0:00
Drew Doughty 1 1 2 -1 0 5 2 3 1 1 0/0 29:54 3:01 6:48
Jason Spezza 0 0 0 -2 2 2 1 0 0 0 22/35 24:39 3:22 4:22
Jiri Tlusty 0 0 0 -2 0 0 0 0 0 0 0/0 6:00 0:00 0:00
Luke Adam 0 0 0 -1 0 1 3 0 0 0 3/4 11:24 0:00 0:13
Martins Karsums 1 0 1 1 6 1 0 0 0 1 0/0 16:26 2:45 0:00
Matt Corrente 0 0 0 0 0 0 2 0 0 0 0/0 8:57 0:00 0:00
Mike Cammalleri 0 1 1 -1 0 1 1 3 0 0 2/3 21:40 3:22 5:55
Milan Michalek 0 0 0 1 5 0 1 0 0 0 0/2 18:30 2:45 3:51
Oskar Osala 0 0 0 -1 0 2 0 0 0 1 0/0 13:49 0:02 0:24
Stefan Ruzicka 0 0 0 -1 2 3 2 0 0 1 2/3 13:20 0:00 2:08
Zach Boychuk 0 0 0 -2 0 2 0 0 1 0 0/1 7:18 0:02 0:00
3 Stars
1 - Claude Giroux (Pit)
2 - Keith Aulie (Pit)
3 - Steven Stamkos (Pit)
Power Play
Penguins - 1 on 6 Attempt(s) - 16.67%
Sharks - 1 on 4 Attempt(s) - 25.00%
Penalty Kill
Penguins - 3 on 4 Attempt(s) - 75.00%
- Score 0 goal in Penalty Kill
Sharks - 5 on 6 Attempt(s) - 83.33%
- Score 0 goal in Penalty Kill
Team Stat
Penguins - Hits : 19 - Faceoff Wins : 27 - Blocked Shots : 8 - Penalty Minutes : 13
Sharks - Hits : 19 - Faceoff Wins : 34 - Blocked Shots : 13 - Penalty Minutes : 17
Official
Referees : Unknown
Linesman : Unknown
Game Notes
Milan Michalek and Cal Clutterbuck fight to a draw at 19:05 of 2nd period
Adam Larsson is injured at 16:49 of 3rd period (Left Hand)
Finance
Level 1 -- Attendance: 4912 (81.87%) -- Ticket Income $564,880
Level 2 -- Attendance: 3539 (70.78%) -- Ticket Income $265,425
Level 3 -- Attendance: 1400 (70.00%) -- Ticket Income $70,000
Level 4 -- Attendance: 4000 (100.00%) -- Ticket Income $120,000
Luxury Box -- Attendance: 706 (70.60%) -- Ticket Income $148,260
Game was played at the Hockey Place Center.
Total Attendance: 14557 (80.87%)
Total Ticket Income: $1,168,565
Other Income: $175,285
Total Income: $1,343,850
Penguins
5 vs 5 Forward
Center Left Wing Right Wing Time % Phy DF OF
1 Steven Stamkos Andrew Cogliano Claude Giroux 40 1 2 2
2 Ryan O'Reilly Clarke MacArthur Dustin Brown 30 1 2 2
3 Logan Couture Marcus Foligno Cal Clutterbuck 20 1 2 2
4 Joe Colborne Michael Raffl Ales Hemsky 10 1 2 2
5 vs 5 Defense
Defense Defense Time % Phy DF OF
1 Sean Zimmerman Keith Aulie 40 1 2 2
2 Dennis Wideman Eric Gryba 30 1 2 2
3 Danny DeKeiser Roman Josi 20 1 2 2
4 Sean Zimmerman Keith Aulie 10 1 2 2
PowerPlay Forward
Center Left Wing Right Wing Time % Phy DF OF
1 Steven Stamkos Andrew Cogliano Claude Giroux 60 1 2 2
2 Ryan O'Reilly Clarke MacArthur Dustin Brown 40 1 2 2
PowerPlay Defense
Defense Defense Time % Phy DF OF
1 Sean Zimmerman Keith Aulie 60 1 2 2
2 Dennis Wideman Eric Gryba 40 1 2 2
Penalty Kill 4 Players Forward
Center Wing Time % Phy DF OF
1 Claude Giroux Steven Stamkos 60 1 2 2
2 Andrew Cogliano Ryan O'Reilly 40 1 2 2
Penalty Kill 4 Players Defense
Defense Defense Time % Phy DF OF
1 Sean Zimmerman Keith Aulie 60 1 2 2
2 Dennis Wideman Eric Gryba 40 1 2 2
Penalty Kill - 3 Players Forward
Forward Time % Phy DF OF
1 Claude Giroux 60 1 2 2
2 Steven Stamkos 40 1 2 2
Penalty Kill - 3 Players Defense
Defense Defense Time % Phy DF OF
1 Sean Zimmerman Keith Aulie 60 1 2 2
2 Dennis Wideman Eric Gryba 40 1 2 2
4 vs 4 Forward
Center Wing Time % Phy DF OF
1 Claude Giroux Steven Stamkos 60 1 2 2
2 Andrew Cogliano Ryan O'Reilly 40 1 2 2
4 vs 4 Defense
Defense Defense Time % Phy DF OF
1 Sean Zimmerman Keith Aulie 60 1 2 2
2 Dennis Wideman Eric Gryba 40 1 2 2
Last Minutes Offensive
Center Left Wing Right Wing Defense Defense
Steven Stamkos Andrew Cogliano Claude Giroux Sean Zimmerman Keith Aulie
Last Minutes Defensive
Center Left Wing Right Wing Defense Defense
Steven Stamkos Andrew Cogliano Claude Giroux Sean Zimmerman Keith Aulie
Goaltenders
Starting : Michal Neuvirth
Backup : Sergei Bobrovsky
Extra Forwards
Normal : Logan Couture, Joe Colborne, Cal Clutterbuck - PP : Logan Couture, Joe Colborne - PK : Cal Clutterbuck
Extra Defensemen
Normal : Danny DeKeiser, Roman Josi, Dennis Wideman - PP : Danny DeKeiser - PK : Roman Josi, Dennis Wideman
Penalty Shots
Claude Giroux, Steven Stamkos, Andrew Cogliano, Ryan O'Reilly, Clarke MacArthur
Scratches
None
Sharks
5 vs 5 Forward
Center Left Wing Right Wing Time % Phy DF OF
1 Jason Spezza Mike Cammalleri Bobby Butler 40 1 2 2
2 Brandon Dubinsky Milan Michalek Martins Karsums 30 1 2 2
3 Luke Adam Oskar Osala Stefan Ruzicka 20 1 2 2
4 Jason Spezza Zach Boychuk Jiri Tlusty 10 1 2 2
5 vs 5 Defense
Defense Defense Time % Phy DF OF
1 Drew Doughty Ben Lovejoy 40 1 2 2
2 Andrej Sekera Adam Larsson 30 1 2 2
3 David Rundblad Matt Corrente 20 1 2 2
4 Alec Martinez Drew Doughty 10 1 2 2
PowerPlay Forward
Center Left Wing Right Wing Time % Phy DF OF
1 Jason Spezza Mike Cammalleri Bobby Butler 60 1 2 2
2 Brandon Dubinsky Milan Michalek Martins Karsums 40 1 2 2
PowerPlay Defense
Defense Defense Time % Phy DF OF
1 Drew Doughty Ben Lovejoy 60 1 2 2
2 Andrej Sekera Adam Larsson 40 1 2 2
Penalty Kill 4 Players Forward
Center Wing Time % Phy DF OF
1 Jason Spezza Mike Cammalleri 60 1 4 0
2 Milan Michalek Brandon Dubinsky 40 1 4 0
Penalty Kill 4 Players Defense
Defense Defense Time % Phy DF OF
1 Drew Doughty Ben Lovejoy 60 1 4 0
2 Andrej Sekera Adam Larsson 40 1 4 0
Penalty Kill - 3 Players Forward
Forward Time % Phy DF OF
1 Jason Spezza 60 1 4 0
2 Mike Cammalleri 40 1 4 0
Penalty Kill - 3 Players Defense
Defense Defense Time % Phy DF OF
1 Drew Doughty Ben Lovejoy 60 1 4 0
2 Andrej Sekera Adam Larsson 40 1 4 0
4 vs 4 Forward
Center Wing Time % Phy DF OF
1 Jason Spezza Mike Cammalleri 60 1 2 2
2 Milan Michalek Brandon Dubinsky 40 1 2 2
4 vs 4 Defense
Defense Defense Time % Phy DF OF
1 Drew Doughty Ben Lovejoy 60 1 2 2
2 Andrej Sekera Adam Larsson 40 1 2 2
Last Minutes Offensive
Center Left Wing Right Wing Defense Defense
Jason Spezza Mike Cammalleri Bobby Butler Drew Doughty Ben Lovejoy
Last Minutes Defensive
Center Left Wing Right Wing Defense Defense
Jason Spezza Mike Cammalleri Bobby Butler Drew Doughty Ben Lovejoy
Goaltenders
Starting : Ryan Miller
Backup : Anders Nilsson
Extra Forwards
Normal : Oskar Osala, Zach Boychuk, Stefan Ruzicka - PP : Oskar Osala, Zach Boychuk - PK : Stefan Ruzicka
Extra Defensemen
Normal : David Rundblad, Matt Corrente, Alec Martinez - PP : David Rundblad - PK : Matt Corrente, Alec Martinez
Penalty Shots
Jason Spezza, Mike Cammalleri, Milan Michalek, Brandon Dubinsky, Oskar Osala
Scratches
Nikolai Kulemin (Healthy), T.J. Hensick (Healthy)
% Time on Ice - Penguins
Lines # - Real PCT - Wanted PCT - Time Play
Normal Forward
1 - 34% - 40% - 14:39
2 - 27% - 30% - 11:46
3 - 24% - 20% - 10:38
4 - 15% - 10% - 6:38
Normal Defense
1 - 42% - 40% - 18:12
2 - 36% - 30% - 15:48
3 - 22% - 20% - 9:39
4 - 0% - 10% - 0:02
PP Forward
1 - 56% - 60% - 5:43
2 - 44% - 40% - 4:27
PP Defense
1 - 65% - 60% - 6:35
2 - 35% - 40% - 3:35
PK Forward
1 - 86% - 60% - 5:16
2 - 14% - 40% - 0:53
PK Defense
1 - 60% - 60% - 3:40
2 - 40% - 40% - 2:29
PK3 Forward
1 - 0% - 60%
2 - 0% - 40%
PK3 Defense
1 - 0% - 60%
2 - 0% - 40%
44 Forward
1 - 0% - 60%
2 - 0% - 40%
44 Defense
1 - 0% - 60%
2 - 0% - 40%
Last Minute Offensive - 0:00
Last Minute Defensive - 0:00
Total
Forward - 60:00
Defense - 60:00
|
% Time on Ice - Sharks
Lines # - Real PCT - Wanted PCT - Time Play
Normal Forward
1 - 30% - 40% - 12:58
2 - 31% - 30% - 13:42
3 - 25% - 20% - 11:01
4 - 14% - 10% - 6:00
Normal Defense
1 - 39% - 40% - 17:07
2 - 34% - 30% - 14:39
3 - 20% - 20% - 8:57
4 - 7% - 10% - 2:58
PP Forward
1 - 55% - 60% - 3:24
2 - 45% - 40% - 2:45
PP Defense
1 - 49% - 60% - 3:01
2 - 51% - 40% - 3:08
PK Forward
1 - 78% - 60% - 7:57
2 - 22% - 40% - 2:13
PK Defense
1 - 67% - 60% - 6:48
2 - 33% - 40% - 3:22
PK3 Forward
1 - 0% - 60%
2 - 0% - 40%
PK3 Defense
1 - 0% - 60%
2 - 0% - 40%
44 Forward
1 - 0% - 60%
2 - 0% - 40%
44 Defense
1 - 0% - 60%
2 - 0% - 40%
Last Minute Offensive - 0:00
Last Minute Defensive - 0:00
Total
Forward - 60:00
Defense - 60:00
|
Play-by-Play
1st period
0:01 of 1st period - Jason Spezza wins face-off versus Steven Stamkos in neutral zone.
0:13 of 1st period - Icing by Claude Giroux.
0:14 of 1st period - Brandon Dubinsky wins face-off versus Steven Stamkos in Penguins zone.
0:17 of 1st period - Slapshot by Martins Karsums.
0:17 of 1st period - Shot Misses the Net.
0:19 of 1st period - Slapshot by Andrej Sekera.
0:19 of 1st period - Stopped by Michal Neuvirth with a rebound.
0:21 of 1st period - Slapshot by Adam Larsson.
0:21 of 1st period - Stopped by Michal Neuvirth without a rebound.
0:22 of 1st period - Brandon Dubinsky wins face-off versus Ryan O'Reilly in Penguins zone.
0:28 of 1st period - Minor Penalty to Martins Karsums for Boarding.
0:29 of 1st period - Jason Spezza wins face-off versus Steven Stamkos in Sharks zone.
0:39 of 1st period - Slapshot by Steven Stamkos.
0:39 of 1st period - Shot Blocked by Mike Cammalleri.
0:41 of 1st period - Slapshot by Keith Aulie.
0:41 of 1st period - Shot Blocked by Drew Doughty.
0:43 of 1st period - Slapshot by Keith Aulie.
0:43 of 1st period - Stopped by Ryan Miller without a rebound.
0:44 of 1st period - Ryan O'Reilly wins face-off versus Brandon Dubinsky in Sharks zone.
2:28 of 1st period - Penalty to Martins Karsums is over, Martins Karsums is back on ice.
2:51 of 1st period - Icing by Ben Lovejoy.
2:52 of 1st period - Joe Colborne wins face-off versus Milan Michalek in Sharks zone.
2:53 of 1st period - Snap shot by Sean Zimmerman.
2:53 of 1st period - Stopped by Ryan Miller with a rebound.
2:55 of 1st period - Slapshot by Sean Zimmerman.
2:55 of 1st period - Shot Misses the Net.
2:57 of 1st period - Slapshot by Keith Aulie.
2:57 of 1st period - Stopped by Ryan Miller with a rebound.
2:59 of 1st period - Slapshot by Joe Colborne.
2:59 of 1st period - Shot Blocked by Ben Lovejoy.
3:01 of 1st period - Snap shot by Joe Colborne.
3:01 of 1st period - Stopped by Ryan Miller with a rebound.
3:03 of 1st period - Slapshot by Keith Aulie.
3:03 of 1st period - Shot Blocked by Drew Doughty.
3:05 of 1st period - Slapshot by Keith Aulie.
3:05 of 1st period - Deflect By Ales Hemsky.
3:05 of 1st period - Shot Blocked by Ben Lovejoy.
3:05 of 1st period - Puck is out of play.
3:06 of 1st period - Steven Stamkos wins face-off versus Jason Spezza in Sharks zone.
3:07 of 1st period - Snap shot by Claude Giroux.
3:07 of 1st period - Shot Blocked by Mike Cammalleri.
3:20 of 1st period - Off-side.
3:21 of 1st period - Luke Adam wins face-off versus Ryan O'Reilly in neutral zone.
3:28 of 1st period - Slapshot by Oskar Osala.
3:28 of 1st period - Shot Blocked by Ryan O'Reilly.
3:30 of 1st period - Slapshot by David Rundblad.
3:30 of 1st period - Stopped by Michal Neuvirth without a rebound.
3:31 of 1st period - Ryan O'Reilly wins face-off versus Luke Adam in Penguins zone.
4:03 of 1st period - Wrist shot by Oskar Osala.
4:03 of 1st period - Stopped by Michal Neuvirth with a rebound.
4:13 of 1st period - Wrist shot by Oskar Osala.
4:13 of 1st period - Shot Blocked by Keith Aulie.
4:15 of 1st period - Wrist shot by Luke Adam.
4:15 of 1st period - Stopped by Michal Neuvirth with a rebound.
4:17 of 1st period - Snap shot by Oskar Osala.
4:17 of 1st period - Stopped by Michal Neuvirth without a rebound.
4:18 of 1st period - Jason Spezza wins face-off versus Steven Stamkos in Penguins zone.
4:19 of 1st period - Snap shot by Drew Doughty.
4:19 of 1st period - Shot Blocked by Eric Gryba.
4:22 of 1st period - Icing by Dennis Wideman.
4:23 of 1st period - Steven Stamkos wins face-off versus Jason Spezza in Penguins zone.
4:28 of 1st period - Mike Cammalleri is hit by Claude Giroux and loses puck.
4:38 of 1st period - Snap shot by Steven Stamkos.
4:38 of 1st period - Stopped by Ryan Miller without a rebound.
4:39 of 1st period - Logan Couture wins face-off versus Brandon Dubinsky in Sharks zone.
5:27 of 1st period - Luke Adam is hit by Ryan O'Reilly and loses puck.
5:38 of 1st period - Snap shot by Clarke MacArthur.
5:38 of 1st period - Stopped by Ryan Miller with a rebound.
6:27 of 1st period - Wrist shot by Joe Colborne.
6:27 of 1st period - Shot Misses the Net.
7:17 of 1st period - Slapshot by Drew Doughty.
7:17 of 1st period - Deflect By Mike Cammalleri.
7:17 of 1st period - Stopped by Michal Neuvirth with a rebound.
7:23 of 1st period - Alec Martinez is hit by Cal Clutterbuck and loses puck.
10:13 of 1st period - Dustin Brown is hit by Luke Adam.
10:28 of 1st period - Michael Raffl is hit by Andrej Sekera.
11:06 of 1st period - Slapshot by Mike Cammalleri.
11:06 of 1st period - Shot Misses the Net.
11:08 of 1st period - Snap shot by Mike Cammalleri.
11:08 of 1st period - Shot Misses the Net.
11:20 of 1st period - Wrist shot by Ryan O'Reilly.
11:20 of 1st period - Stopped by Ryan Miller with a rebound.
11:22 of 1st period - Snap shot by Keith Aulie.
11:22 of 1st period - Stopped by Ryan Miller without a rebound.
11:23 of 1st period - Ryan O'Reilly wins face-off versus Jason Spezza in Sharks zone.
11:28 of 1st period - Snap shot by Ryan O'Reilly.
11:28 of 1st period - Shot Misses the Net.
11:53 of 1st period - Eric Gryba is hit by Matt Corrente and loses puck.
12:26 of 1st period - Eric Gryba is hit by Jason Spezza and loses puck.
12:39 of 1st period - Dennis Wideman is hit by Stefan Ruzicka and loses puck.
13:11 of 1st period - Icing by Dennis Wideman.
13:12 of 1st period - Jason Spezza wins face-off versus Steven Stamkos in Penguins zone.
13:27 of 1st period - Claude Giroux is hit by Bobby Butler and loses puck.
14:23 of 1st period - Wrist shot by Zach Boychuk.
14:23 of 1st period - Stopped by Michal Neuvirth with a rebound.
14:49 of 1st period - Wrist shot by Ales Hemsky.
14:49 of 1st period - Stopped by Ryan Miller without a rebound.
14:50 of 1st period - Jason Spezza wins face-off versus Joe Colborne in Sharks zone.
15:00 of 1st period - Icing by Michael Raffl.
15:01 of 1st period - Joe Colborne wins face-off versus Brandon Dubinsky in Penguins zone.
15:11 of 1st period - Minor Penalty to Martins Karsums for Goalie Interference.
15:12 of 1st period - Jason Spezza wins face-off versus Steven Stamkos in Sharks zone.
15:12 of 1st period - Jason Spezza is hit by Claude Giroux.
15:45 of 1st period - Mike Cammalleri is hit by Clarke MacArthur and loses puck.
15:50 of 1st period - Snap shot by Ryan O'Reilly.
15:50 of 1st period - Shot Blocked by Ben Lovejoy.
15:52 of 1st period - Snap shot by Clarke MacArthur.
15:52 of 1st period - Stopped by Ryan Miller with a rebound.
15:54 of 1st period - Wrist shot by Keith Aulie.
15:54 of 1st period - Shot Misses the Net.
15:56 of 1st period - Snap shot by Dustin Brown.
15:56 of 1st period - Stopped by Ryan Miller without a rebound.
15:57 of 1st period - Ryan O'Reilly wins face-off versus Milan Michalek in Sharks zone.
16:31 of 1st period - Jason Spezza is hit by Sean Zimmerman and loses puck.
17:11 of 1st period - Penalty to Martins Karsums is over, Martins Karsums is back on ice.
17:28 of 1st period - Logan Couture is hit by Luke Adam.
18:43 of 1st period - Snap shot by Ales Hemsky.
18:43 of 1st period - Stopped by Ryan Miller without a rebound.
18:44 of 1st period - Brandon Dubinsky wins face-off versus Steven Stamkos in Sharks zone.
19:01 of 1st period - Eric Gryba is hit by Milan Michalek and loses puck.
19:40 of 1st period - Snap shot by Ales Hemsky.
19:40 of 1st period - Shot Misses the Net.
19:42 of 1st period - Slapshot by Danny DeKeiser.
19:42 of 1st period - Goal by Danny DeKeiser - Penguins : 1 - Sharks : 0.
19:43 of 1st period - Steven Stamkos wins face-off versus Bobby Butler in neutral zone.
19:53 of 1st period - Steven Stamkos is hit by Drew Doughty and loses puck.
Goals for this period are 1 for Penguins vs 0 for Sharks.
Shots for this period are 13 for Penguins vs 8 for Sharks.
2nd period
0:01 of 2nd period - Jason Spezza wins face-off versus Steven Stamkos in neutral zone.
0:06 of 2nd period - Snap shot by Bobby Butler.
0:06 of 2nd period - Shot Blocked by Claude Giroux.
0:14 of 2nd period - Snap shot by Andrew Cogliano.
0:14 of 2nd period - Stopped by Ryan Miller with a rebound.
0:16 of 2nd period - Snap shot by Steven Stamkos.
0:16 of 2nd period - Goal by Steven Stamkos - Penguins : 2 - Sharks : 0.
0:17 of 2nd period - Jason Spezza wins face-off versus Steven Stamkos in neutral zone.
0:49 of 2nd period - Wrist shot by Milan Michalek.
0:49 of 2nd period - Shot Misses the Net.
0:51 of 2nd period - Snap shot by Milan Michalek.
0:51 of 2nd period - Shot Misses the Net.
1:09 of 2nd period - Wrist shot by Marcus Foligno.
1:09 of 2nd period - Stopped by Ryan Miller without a rebound.
1:10 of 2nd period - Jason Spezza wins face-off versus Steven Stamkos in Sharks zone.
1:12 of 2nd period - Minor Penalty to Bobby Butler for Hooking.
1:13 of 2nd period - Jason Spezza wins face-off versus Steven Stamkos in Sharks zone.
1:34 of 2nd period - Drew Doughty is hit by Steven Stamkos and loses puck.
1:55 of 2nd period - Slapshot by Sean Zimmerman.
1:55 of 2nd period - Shot Misses the Net.
2:23 of 2nd period - Clarke MacArthur is hit by Mike Cammalleri and loses puck.
3:12 of 2nd period - Penalty to Bobby Butler is over, Bobby Butler is back on ice.
3:42 of 2nd period - Wrist shot by Jason Spezza.
3:42 of 2nd period - Stopped by Michal Neuvirth with a rebound.
3:44 of 2nd period - Wrist shot by Ben Lovejoy.
3:44 of 2nd period - Stopped by Michal Neuvirth without a rebound.
3:45 of 2nd period - Jason Spezza wins face-off versus Logan Couture in Penguins zone.
3:59 of 2nd period - Off-side.
4:00 of 2nd period - Luke Adam wins face-off versus Andrew Cogliano in neutral zone.
4:15 of 2nd period - Wrist shot by Stefan Ruzicka.
4:15 of 2nd period - Stopped by Michal Neuvirth with a rebound.
4:27 of 2nd period - Clarke MacArthur is hit by Bobby Butler and loses puck.
6:02 of 2nd period - Snap shot by Luke Adam.
6:02 of 2nd period - Shot Misses the Net.
6:30 of 2nd period - Snap shot by Claude Giroux.
6:30 of 2nd period - Deflect By Steven Stamkos.
6:30 of 2nd period - Stopped by Ryan Miller with a rebound.
6:37 of 2nd period - Minor Penalty to Martins Karsums for Roughing.
6:38 of 2nd period - Steven Stamkos wins face-off versus Jason Spezza in Sharks zone.
6:52 of 2nd period - Snap shot by Keith Aulie.
6:52 of 2nd period - Deflect By Jason Spezza.
6:52 of 2nd period - Goal by Keith Aulie - Penguins : 3 - Sharks : 0.
6:53 of 2nd period - Jason Spezza wins face-off versus Steven Stamkos in neutral zone.
7:23 of 2nd period - Martins Karsums is hit by Ryan O'Reilly and loses puck.
7:42 of 2nd period - Snap shot by Stefan Ruzicka.
7:42 of 2nd period - Stopped by Michal Neuvirth without a rebound.
7:43 of 2nd period - Logan Couture wins face-off versus Jason Spezza in Penguins zone.
7:51 of 2nd period - Sean Zimmerman is hit by Andrej Sekera and loses puck.
8:05 of 2nd period - Slapshot by Sean Zimmerman.
8:05 of 2nd period - Shot Blocked by Adam Larsson.
8:07 of 2nd period - Wrist shot by Eric Gryba.
8:07 of 2nd period - Stopped by Ryan Miller with a rebound.
8:09 of 2nd period - Slapshot by Dennis Wideman.
8:09 of 2nd period - Shot Misses the Net.
8:11 of 2nd period - Slapshot by Dennis Wideman.
8:11 of 2nd period - Stopped by Ryan Miller without a rebound.
8:12 of 2nd period - Brandon Dubinsky wins face-off versus Steven Stamkos in Sharks zone.
9:06 of 2nd period - Snap shot by Drew Doughty.
9:06 of 2nd period - Stopped by Michal Neuvirth without a rebound.
9:07 of 2nd period - Stefan Ruzicka wins face-off versus Steven Stamkos in Penguins zone.
9:31 of 2nd period - Icing by Andrej Sekera.
9:32 of 2nd period - Luke Adam wins face-off versus Ryan O'Reilly in Sharks zone.
9:40 of 2nd period - Andrej Sekera is hit by Dustin Brown and loses puck.
9:45 of 2nd period - Adam Larsson is hit by Ryan O'Reilly and loses puck.
10:14 of 2nd period - Minor Penalty to Steven Stamkos for Hooking.
10:15 of 2nd period - Mike Cammalleri wins face-off versus Claude Giroux in Penguins zone.
12:14 of 2nd period - Penalty to Steven Stamkos is over, Steven Stamkos is back on ice.
12:45 of 2nd period - Matt Corrente is hit by Cal Clutterbuck and loses puck.
12:56 of 2nd period - Sean Zimmerman is hit by Stefan Ruzicka and loses puck.
13:27 of 2nd period - Slapshot by Zach Boychuk.
13:27 of 2nd period - Stopped by Michal Neuvirth without a rebound.
13:28 of 2nd period - Logan Couture wins face-off versus Zach Boychuk in Penguins zone.
13:39 of 2nd period - Slapshot by Logan Couture.
13:39 of 2nd period - Shot Blocked by Andrej Sekera.
13:57 of 2nd period - Milan Michalek is hit by Clarke MacArthur.
14:15 of 2nd period - Claude Giroux is hit by Luke Adam.
14:23 of 2nd period - Snap shot by Steven Stamkos.
14:23 of 2nd period - Stopped by Ryan Miller with a rebound.
14:35 of 2nd period - Claude Giroux is hit by Matt Corrente and loses puck.
15:18 of 2nd period - Drew Doughty is hit by Dustin Brown and loses puck.
15:29 of 2nd period - Martins Karsums is hit by Joe Colborne and loses puck.
15:34 of 2nd period - Snap shot by Joe Colborne.
15:34 of 2nd period - Stopped by Ryan Miller without a rebound.
15:35 of 2nd period - Jason Spezza wins face-off versus Joe Colborne in Sharks zone.
15:39 of 2nd period - Minor Penalty to Ales Hemsky for Roughing.
15:40 of 2nd period - Jason Spezza wins face-off versus Claude Giroux in Penguins zone.
17:39 of 2nd period - Penalty to Ales Hemsky is over, Ales Hemsky is back on ice.
18:26 of 2nd period - Wrist shot by Dustin Brown.
18:26 of 2nd period - Goal by Dustin Brown - Penguins : 4 - Sharks : 0.
18:27 of 2nd period - Jason Spezza wins face-off versus Ryan O'Reilly in neutral zone.
18:58 of 2nd period - Slapshot by Adam Larsson.
18:58 of 2nd period - Stopped by Michal Neuvirth without a rebound.
18:59 of 2nd period - Logan Couture wins face-off versus Brandon Dubinsky in Penguins zone.
19:05 of 2nd period - Milan Michalek and Cal Clutterbuck fight to a draw.
19:05 of 2nd period - Penalty to Milan Michalek for Fighting.
19:05 of 2nd period - Penalty to Cal Clutterbuck for Fighting.
19:06 of 2nd period - Steven Stamkos wins face-off versus Jason Spezza in neutral zone.
Goals for this period are 3 for Penguins vs 0 for Sharks.
Shots for this period are 10 for Penguins vs 7 for Sharks.
3rd period
0:01 of 3rd period - Bobby Butler wins face-off versus Steven Stamkos in neutral zone.
0:06 of 3rd period - Wrist shot by Jason Spezza.
0:06 of 3rd period - Stopped by Michal Neuvirth without a rebound.
0:07 of 3rd period - Jason Spezza wins face-off versus Steven Stamkos in Penguins zone.
1:58 of 3rd period - Wrist shot by Stefan Ruzicka.
1:58 of 3rd period - Stopped by Michal Neuvirth with a rebound.
2:17 of 3rd period - Off-side.
2:18 of 3rd period - Jason Spezza wins face-off versus Steven Stamkos in neutral zone.
2:25 of 3rd period - Snap shot by Jason Spezza.
2:25 of 3rd period - Shot Misses the Net.
2:29 of 3rd period - Slapshot by Drew Doughty.
2:29 of 3rd period - Deflect By Claude Giroux.
2:29 of 3rd period - Stopped by Michal Neuvirth without a rebound.
2:30 of 3rd period - Steven Stamkos wins face-off versus Brandon Dubinsky in Penguins zone.
2:41 of 3rd period - Slapshot by Steven Stamkos.
2:41 of 3rd period - Shot Blocked by Ben Lovejoy.
2:57 of 3rd period - Jason Spezza is hit by Dustin Brown and loses puck.
3:08 of 3rd period - Wrist shot by Bobby Butler.
3:08 of 3rd period - Shot Misses the Net.
3:22 of 3rd period - Slapshot by Adam Larsson.
3:22 of 3rd period - Shot Misses the Net.
3:24 of 3rd period - Minor Penalty to Joe Colborne for Delaying the game.
3:25 of 3rd period - Jason Spezza wins face-off versus Claude Giroux in Penguins zone.
3:36 of 3rd period - Slapshot by Drew Doughty.
3:36 of 3rd period - Goal by Drew Doughty - Penguins : 4 - Sharks : 1.
3:37 of 3rd period - Steven Stamkos wins face-off versus Jason Spezza in neutral zone.
4:47 of 3rd period - Minor Penalty to Cal Clutterbuck for Holding.
4:48 of 3rd period - Jason Spezza wins face-off versus Claude Giroux in Penguins zone.
4:59 of 3rd period - Snap shot by Bobby Butler.
4:59 of 3rd period - Stopped by Michal Neuvirth without a rebound.
5:00 of 3rd period - Claude Giroux wins face-off versus Jason Spezza in Penguins zone.
6:31 of 3rd period - Icing by Adam Larsson.
6:32 of 3rd period - Claude Giroux wins face-off versus Jason Spezza in Sharks zone.
6:47 of 3rd period - Penalty to Cal Clutterbuck is over, Cal Clutterbuck is back on ice.
7:52 of 3rd period - Wrist shot by Logan Couture.
7:52 of 3rd period - Shot Blocked by Drew Doughty.
7:54 of 3rd period - Slapshot by Keith Aulie.
7:54 of 3rd period - Stopped by Ryan Miller with a rebound.
7:56 of 3rd period - Slapshot by Keith Aulie.
7:56 of 3rd period - Stopped by Ryan Miller without a rebound.
7:57 of 3rd period - Steven Stamkos wins face-off versus Brandon Dubinsky in Sharks zone.
8:10 of 3rd period - Snap shot by Claude Giroux.
8:10 of 3rd period - Stopped by Ryan Miller with a rebound.
8:12 of 3rd period - Wrist shot by Andrew Cogliano.
8:12 of 3rd period - Stopped by Ryan Miller with a rebound.
8:41 of 3rd period - Backhand shot by Martins Karsums.
8:41 of 3rd period - Goal by Martins Karsums - Penguins : 4 - Sharks : 2.
8:42 of 3rd period - Jason Spezza wins face-off versus Steven Stamkos in neutral zone.
8:45 of 3rd period - Andrew Cogliano is hit by Bobby Butler and loses puck.
9:21 of 3rd period - Minor Penalty to Stefan Ruzicka for Tripping.
9:22 of 3rd period - Steven Stamkos wins face-off versus Jason Spezza in Sharks zone.
10:14 of 3rd period - Snap shot by Milan Michalek.
10:14 of 3rd period - Shot Blocked by Dennis Wideman.
10:16 of 3rd period - Wrist shot by Andrej Sekera.
10:16 of 3rd period - Shot Blocked by Dennis Wideman.
10:18 of 3rd period - Slapshot by Adam Larsson.
10:18 of 3rd period - Deflect By Brandon Dubinsky.
10:18 of 3rd period - Stopped by Michal Neuvirth with a rebound.
11:21 of 3rd period - Penalty to Stefan Ruzicka is over, Stefan Ruzicka is back on ice.
11:35 of 3rd period - Off-side.
11:36 of 3rd period - Logan Couture wins face-off versus Jason Spezza in neutral zone.
12:01 of 3rd period - Slapshot by Ales Hemsky.
12:01 of 3rd period - Stopped by Ryan Miller with a rebound.
12:23 of 3rd period - Wrist shot by Dustin Brown.
12:23 of 3rd period - Shot Hit the Post.
12:25 of 3rd period - Wrist shot by Ryan O'Reilly.
12:25 of 3rd period - Shot Blocked by Brandon Dubinsky.
12:44 of 3rd period - Milan Michalek is hit by Danny DeKeiser and loses puck.
12:59 of 3rd period - Slapshot by Steven Stamkos.
12:59 of 3rd period - Shot Misses the Net.
13:01 of 3rd period - Slapshot by Keith Aulie.
13:01 of 3rd period - Stopped by Ryan Miller without a rebound.
13:02 of 3rd period - Steven Stamkos wins face-off versus Jason Spezza in Sharks zone.
13:15 of 3rd period - Slapshot by Drew Doughty.
13:15 of 3rd period - Shot Blocked by Claude Giroux.
13:31 of 3rd period - Sean Zimmerman is hit by Drew Doughty and loses puck.
14:14 of 3rd period - Snap shot by Joe Colborne.
14:14 of 3rd period - Shot Misses the Net.
14:34 of 3rd period - Snap shot by Logan Couture.
14:34 of 3rd period - Shot Blocked by Mike Cammalleri.
14:54 of 3rd period - Slapshot by Andrej Sekera.
14:54 of 3rd period - Stopped by Michal Neuvirth with a rebound.
15:36 of 3rd period - Minor Penalty to Jason Spezza for Roughing.
15:37 of 3rd period - Stefan Ruzicka wins face-off versus Steven Stamkos in Sharks zone.
15:46 of 3rd period - Drew Doughty is hit by Andrew Cogliano and loses puck.
16:48 of 3rd period - Adam Larsson is hit by Keith Aulie and loses puck.
16:49 of 3rd period - Adam Larsson from Sharks is injured at 16:49 of 3rd period (Left Hand).
16:50 of 3rd period - Steven Stamkos wins face-off versus Stefan Ruzicka in Sharks zone.
17:04 of 3rd period - Off-side.
17:05 of 3rd period - Mike Cammalleri wins face-off versus Steven Stamkos in neutral zone.
17:34 of 3rd period - Ryan O'Reilly is hit by Brandon Dubinsky and loses puck.
17:36 of 3rd period - Penalty to Jason Spezza is over, Jason Spezza is back on ice.
17:58 of 3rd period - Snap shot by Cal Clutterbuck.
17:58 of 3rd period - Stopped by Ryan Miller without a rebound.
17:59 of 3rd period - Logan Couture wins face-off versus Brandon Dubinsky in Sharks zone.
18:06 of 3rd period - Wrist shot by Cal Clutterbuck.
18:06 of 3rd period - Stopped by Ryan Miller with a rebound.
18:28 of 3rd period - Wrist shot by Claude Giroux.
18:28 of 3rd period - Goal by Claude Giroux - Penguins : 5 - Sharks : 2.
18:29 of 3rd period - Jason Spezza wins face-off versus Steven Stamkos in neutral zone.
18:32 of 3rd period - Slapshot by Drew Doughty.
18:32 of 3rd period - Stopped by Michal Neuvirth without a rebound.
18:33 of 3rd period - Jason Spezza wins face-off versus Steven Stamkos in Penguins zone.
18:36 of 3rd period - Snap shot by Jason Spezza.
18:36 of 3rd period - Shot Blocked by Keith Aulie.
18:38 of 3rd period - Slapshot by Ben Lovejoy.
18:38 of 3rd period - Deflect By Claude Giroux.
18:38 of 3rd period - Stopped by Michal Neuvirth without a rebound.
18:39 of 3rd period - Steven Stamkos wins face-off versus Mike Cammalleri in Penguins zone.
18:52 of 3rd period - Snap shot by Drew Doughty.
18:52 of 3rd period - Stopped by Michal Neuvirth without a rebound.
18:53 of 3rd period - Steven Stamkos wins face-off versus Jason Spezza in Penguins zone.
18:53 of 3rd period - Steven Stamkos is hit by Ben Lovejoy.
19:19 of 3rd period - Ben Lovejoy is hit by Ryan O'Reilly and loses puck.
Goals for this period are 1 for Penguins vs 2 for Sharks.
Shots for this period are 9 for Penguins vs 11 for Sharks.
Back to the Top